 Dungeon Crawl Stone Soup version 0.26.1-11-gd32895ea62 (webtiles) character file.

Game seed: 4332713851820034011

1411 dtburroughs the Skirmisher (level 8, 0/109 HPs)
             Began as a Minotaur Berserker on June 19, 2021.
             Was an Elder of Trog.
             Slain by Harold
             ... wielding a +0 dire flail
              (15 damage)
             ... on level 7 of the Dungeon.
             The game lasted 00:09:17 (5645 turns).

dtburroughs the Skirmisher (Minotaur Berserker)     Turns: 5645, Time: 00:09:18

Health: 0/109      AC: 11    Str: 22    XL:     8   Next: 43%
Magic:  7/7        EV: 10    Int:  6    God:    Trog [****..]
Gold:   266        SH:  0    Dex: 10    Spells: 7/7 levels left

rFire    . . .     SeeInvis .   F - +1 flail (venom)
rCold    . . .     Faith    +   (no shield)
rNeg     . . .     Spirit   .   y - +0 chain mail
rPois    .         Reflect  .   (helmet restricted)
rElec    .         Harm     .   (no cloak)
rCorr    .         Rampage  .   (no gloves)
Will     +....                  b - +0 pair of boots
Stlth    ..........             m - amulet of faith
HPRegen  0.28/turn              G - ring of flight
MPRegen  0.10/turn              e - ring of willpower

@: berserking, marked, very quick
A: retaliatory headbutt, horns 2
a: Renounce Religion, Evoke Flight, Berserk, Trog's Hand, Brothers in Arms


You were on level 7 of the Dungeon.
You worshipped Trog.
Trog was greatly pleased with you.
You visited 1 branch of the dungeon, and saw 7 of its levels.
You also visited: Ossuary.

You collected 266 gold pieces.

Inventory:

Hand Weapons
 a - a +0 hand axe
 k - a +0 war axe
 x - a +0 flail
 F - a +1 flail of venom (weapon)
 I - a +0 morningstar
Armour
 b - a +0 pair of boots (worn)
 y - a +0 chain mail (worn)
Jewellery
 d - an uncursed ring of ice
 e - a ring of willpower (right hand)
 m - an amulet of faith (around neck)
 o - an uncursed ring of magical power
 G - a ring of flight (left hand)
Wands
 H - a wand of paralysis (15)
 J - a wand of digging (5)
Scrolls
 c - 5 scrolls of remove curse
 i - 3 scrolls of fog
 j - a scroll of blinking {unknown}
 l - 3 scrolls of teleportation
 n - a scroll of identify
 p - 3 scrolls of enchant weapon
 q - 2 scrolls of magic mapping {unknown}
 s - a scroll of amnesia {unknown}
 u - 8 scrolls of immolation
 w - a scroll of brand weapon {unknown}
Potions
 f - a potion of flight {unknown}
 g - a potion of mutation {unknown}
 h - 7 potions of curing {unknown}
 r - 2 potions of brilliance {unknown}
 t - a potion of haste {unknown}
 v - 2 potions of might {unknown}
 z - 2 potions of magic {unknown}
 A - 13 potions of degeneration {unknown}
 B - a potion of attraction {unknown}
 C - 4 potions of heal wounds {unknown}
 D - a potion of resistance {unknown}


   Skills:
 + Level 7.0 Fighting
 + Level 6.9 Axes
 + Level 6.3 Armour
 + Level 5.8 Dodging
 + Level 2.6 Evocations


You had 7 spell levels left.
You didn't know any spells.
Your spell library was empty.

Dungeon Overview and Level Annotations

Branches:
Dungeon (8/15)            Ossuary (visited)
 Temple: D:4-7         Lair: D:8-11

Altars:
Fedhas
Vehumet
Xom
Jiyva

Annotations:
D:4 3 runed translucent doors, oc3rt's ghost, amateur KoHu
D:7 Harold


Innate Abilities, Weirdness & Mutations

You reflexively headbutt those who attack you in melee.
You have a pair of horns on your head.


Message History

Harold is lightly wounded.
Harold hits you with a +0 dire flail!
You hit Harold but do no damage.
Harold looks as sick as possible!
Harold is lightly wounded.
Harold points at you and mumbles some strange words.
You barely resist. Harold hits you with a +0 dire flail!
You sock Harold! You headbutt Harold, but do no damage.
Harold is moderately wounded.
Harold hits you but does no damage.
Your chain mail prevents you from hitting Harold.
Harold is moderately wounded.
An orc comes into view. It is wielding a +0 hand axe.
An orc warrior comes into view. It is wielding a +0 mace.
Harold hits you with a +0 dire flail!!
* * * LOW HITPOINT WARNING * * *
A red film seems to cover your vision as you go berserk!
You feel yourself moving faster!
You feel mighty!
An orc comes into view. It is wielding a +0 trident.
Harold hits you with a +0 dire flail!
You die...

#. .......#+###
.#.o..#.o........#
.
....o#...^......#
..
....$.....?....#
...
..............#
..#..#....$.$?..#
...#..........#
#.#...@@.....#
#.(.##########
##..#
#..###########
#.>...........
##############


You could see Harold (extremely poisoned), an orc warrior and 2 orcs.

Vanquished Creatures
  A sky beast (D:8)
  A phantom (D:8)
  An ogre (D:8)
  A big kobold (D:5)
  A bullfrog (D:7)
  3 scorpions
  A howler monkey (D:4)
  4 centaur zombies (Ossuary)
  2 hounds
  4 jellies (D:8)
  Jessica (D:3)
  2 iguanas
  2 orc wizards
  5 worker ants
  A big kobold zombie (Ossuary)
  A hound skeleton (D:5)
  A worker ant zombie (D:5)
  3 mummies
  5 adders
  3 gnolls (D:5)
  A shadow imp (D:5)
  A white imp (D:5)
  An ooze (D:1)
  An adder zombie (D:5)
  An adder skeleton (D:4)
  2 worms
  2 dart slugs
  4 leopard geckos
  8 orcs
  A ball python (D:4)
  4 giant cockroaches
  3 goblins
  8 hobgoblins
  6 jackals
  3 quokkas
  4 bats
  2 frilled lizards (D:2)
  A gnoll zombie (Ossuary)
  A goblin zombie (D:4)
  2 hobgoblin zombies
  A jackal skeleton (D:4)
  10 kobolds
  An orc zombie (Ossuary)
  4 rats
115 creatures vanquished.

Vanquished Creatures (others)
  2 fungi (D:4)
  2 plants (D:4)
4 creatures vanquished.

Grand Total: 119 creatures vanquished

Notes
Turn   | Place    | Note
-------+----------+-------------------------------------------
     0 | D:1      | dtburroughs the Minotaur Berserker began the quest for the
                  | Orb.
     0 | D:1      | Reached XP level 1. HP: 19/19 MP: 0/0
   214 | D:1      | Reached XP level 2. HP: 27/27 MP: 1/1
   730 | D:1      | Reached skill level 4 in Fighting
   814 | D:1      | Reached XP level 3. HP: 33/33 MP: 2/2
  1071 | D:2      | Reached ** piety under Trog
  1199 | D:2      | Reached XP level 4. HP: 40/40 MP: 3/3
  2048 | D:3      | Reached XP level 5. HP: 41/47 MP: 4/4
  2124 | D:3      | Noticed Jessica
  2137 | D:3      | Killed Jessica
  2151 | D:3      | Reached skill level 5 in Axes
  2639 | D:4      | Found a runed translucent gate.
  2640 | D:4      | Found a runed translucent gate.
  2640 | D:4      | Found a runed translucent gate.
  2640 | D:4      | Noticed oc3rt's ghost (amateur KoHu)
  2716 | D:4      | Reached skill level 5 in Fighting
  2878 | D:4      | Reached XP level 6. HP: 56/56 MP: 5/5
  2884 | D:4      | Found a sand-covered staircase.
  2896 | Ossuary  | Entered an ossuary
  3846 | D:4      | Reached XP level 7. HP: 62/62 MP: 6/6
  3954 | D:4      | Reached skill level 5 in Armour
  4117 | D:4      | Reached *** piety under Trog
  4524 | D:5      | Entered Level 5 of the Dungeon
  4728 | D:5      | Reached skill level 6 in Fighting
  5021 | D:5      | Reached skill level 1 in Evocations
  5035 | D:5      | Reached skill level 5 in Dodging
  5181 | D:5      | You fall into a shaft and drop 3 floors!
  5194 | D:8      | Reached XP level 8. HP: 71/71 MP: 7/7
  5278 | D:8      | Found a shimmering altar of Xom.
  5278 | D:8      | Found a radiant altar of Vehumet.
  5324 | D:8      | Found a viscous altar of Jiyva.
  5346 | D:8      | Reached **** piety under Trog
  5461 | D:8      | Found a blossoming altar of Fedhas.
  5590 | D:7      | Reached skill level 7 in Fighting
  5637 | D:7      | Noticed Harold
  5645 | D:7      | Slain by Harold

Illustrated notes

Levels and vault maps discovered:
D:1:      minmay_arrival_open_corners, layout_basic
D:2:      layout_loops_ring
D:3:      layout_loops_corners, uniq_crazy_yiuf_cottage, uniq_jessica
D:4:      layout_loops_corners, nicolae_ossuary_entry_giza,
          gammafunk_ghost_nasty_kobolds
D:5:      cheibrodos_thug_alley, layout_basic, uniq_ijyb, uniq_sigmund
D:7:      layout_basic, uniq_joseph, uniq_harold, uniq_menkaure, uniq_pikel
D:8:      layout_cave_pods, gammafunk_temple_overflow_forgotten,
          lair_entry_dummy, jiyva_altar_1

Skill      XL: |  1  2  3  4  5  6  7  8 |
---------------+-------------------------+-----
Fighting       | 4 5 6 7 |  7.0
Axes           | 4 5 6 |  6.9
Armour         | 3 4 5 6 |  6.3
Dodging        | 3 4 5 |  5.8
Evocations     | 1 2 |  2.6

Action                   |  1- 3 |  4- 6 |  7- 9 || total
-------------------------+-------+-------+-------++-------
Melee: Hand axe          |    50 |   152 |    34 ||   236
       Headbutt          |     6 |    41 |    25 ||    72
       Flail             |       |       |    91 ||    91
Invok: Berserk           |       |     1 |     1 ||     2
  Use: Scroll            |       |       |     7 ||     7
Armor: Leather armour    |    17 |    11 |       ||    28
       Chain mail        |       |    33 |    67 ||   100
Dodge: Dodged            |    35 |    62 |    57 ||   154
